 Dungeon Crawl Stone Soup version 0.23.1 (webtiles) character file.

Game seed: 4467875186578402847

32 Fang the Skirmisher (level 3, 0/36 HPs)
             Began as a Gargoyle Berserker on Mar 7, 2019.
             Was a Believer of Trog.
             Slain by a goblin (5 damage)
             ... led by Robin
             ... on level 2 of the Dungeon.
             The game lasted 00:00:42 (671 turns).

Fang the Skirmisher (Gargoyle Berserker)             Turns: 671, Time: 00:00:44

Health: 0/36       AC:  5    Str: 26    XL:     3   Next: 27%
Magic:  3/3        EV: 12    Int: 10    God:    Trog [**....]
Gold:   54         SH:  0    Dex:  9    Spells: 2/2 levels left

rFire    . . .     SeeInvis .   d - +2 mace (crush)
rCold    . . .     Gourm    .   (no shield)
rNeg     + . .     Faith    .   b - +0 animal skin
rPois    ∞         Spirit   .   (no helmet)
rElec    +         Reflect  .   (no cloak)
rCorr    .         Harm     .   (no gloves)
MR       .....                  (no boots)
Stlth    ..........             (no amulet)
HPRegen  0.12/turn              k - +3 ring of intelligence (curse)
MPRegen  0.08/turn              (no ring)

@: berserking, very quick
A: negative energy resistance 1, electricity resistance, unbreathing,
petrification resistance, rot immunity, AC +3
a: Berserk, Trog's Hand, Renounce Religion


You were on level 2 of the Dungeon.
You worshipped Trog.
Trog was pleased with you.
You were not hungry.

You visited 1 branch of the dungeon, and saw 2 of its levels.

You collected 54 gold pieces.

Inventory:

Hand Weapons
 a - a +0 hand axe
 d - a +2 mace of crushing (weapon)
Armour
 b - a +0 animal skin (worn)
Jewellery
 k - a cursed +3 ring of intelligence (left hand)
Scrolls
 f - 2 scrolls of teleportation {unknown}
 g - a scroll of remove curse {unknown}
 h - a scroll of fear {unknown}
Potions
 e - 2 potions of curing {unknown}
 j - a potion of degeneration {unknown}
Comestibles
 c - 3 rations
 i - 3 chunks of flesh


   Skills:
 + Level 3.7 Fighting
 + Level 3.0 Axes
 + Level 2.7 Armour
 + Level 2.0 Dodging


You had 2 spell levels left.
You didn't know any spells.
Your spell library was empty.

Dungeon Overview and Level Annotations

Branches:
Dungeon (2/15)

Altars:

Annotations:
D:2 Robin


Innate Abilities, Weirdness & Mutations

You are resistant to torment.
Your stone body is resilient. (AC +3)
You are immune to poison.
You resist negative energy. (rN+)
You are resistant to electric shocks. (rElec)
You can survive without breathing.
You are immune to petrification.
You are immune to rotting.


Message History

The goblin hits you but does no damage. The goblin barely misses you.
The goblin closely misses you. The goblin completely misses you. x2
Robin hits you from afar with a +0 trident.
* * * LOW HITPOINT WARNING * * *
You barely miss the goblin. The goblin hits you but does no damage.
The goblin closely misses you.
The goblin hits you but does no damage. x2
You bludgeon the goblin!!
You kill the goblin!
Trog accepts your kill. The goblin misses you. The goblin barely misses you.
The goblin hits you but does no damage.
Robin laughs in a distinctly smug fashion.
Robin roars a battlecry!
The goblins go into a battle-frenzy!
The goblin closely misses you. The goblin hits you but does no damage.
You sock the quokka!
You kill the quokka!
Trog accepts your kill. The goblin closely misses you. The goblin hits you.
You die...

#####.>.......#
#.###### #.(.......#
#.# ###.........#
#.# ###<..........#
#.#
.<..#.........####.#
..###.........##...#
#.# ##...........###
#...).#.....#..gg#
.####.###.###.#g@# .
#. .##. #g.g# . ##
.## ##..g. . ..
#$..... .# #......#
.. #......# #......#
#.<...=#


You could see Robin and 5 goblins.

Vanquished Creatures
  An ooze (D:1)
  3 dart slugs
  A bat (D:1)
  2 hobgoblins
  A quokka (D:2)
  2 ball pythons (D:1)
  8 goblins
  2 kobolds (D:1)
  2 rats (D:1)
22 creatures vanquished.

Notes
Turn   | Place    | Note
-------+----------+-------------------------------------------
     0 | D:1      | Fang the Gargoyle Berserker began the quest for the Orb.
     0 | D:1      | Reached XP level 1. HP: 14/14 MP: 1/1
   265 | D:1      | Reached XP level 2. HP: 19/19 MP: 2/2
   643 | D:2      | Reached XP level 3. HP: 23/23 MP: 3/3
   657 | D:2      | Noticed Robin
   665 | D:2      | Reached ** piety under Trog
   671 | D:2      | Slain by a goblin

Skill      XL: |  1  2  3 |
---------------+----------+-----
Axes           | 3 |  3.0
Dodging        | 2 |  2.0
Fighting       | |  3.7
Armour         | |  2.7

Action                   || total
-------------------------++-------
Melee: Hand axe          ||    40
       Mace              ||    21
Invok: Berserk           ||     1
Armor: Animal skin       ||    37
Dodge: Dodged            ||    74
